[Event "Titled Tuesday Blitz July 4 Late 2023"]
[White "Matinian, Nikita"]
[Black "Philippe, Guillaume"]
[WhiteFideId "24129100"]
[BlackFideId "36048763"]
[WhiteElo "2695"]
[BlackElo "2446"]
[Result "0-1"]
[Round "5"]
[TimeControl "180+2"]
[Date "2023.07.04"]
[WhiteClock "0:00:00"]
[BlackClock "0:00:18"]
[Board "46"]

1. e4 e5 2. Nf3 Nc6 3. Bb5 a6 4. Ba4 f5 5. d4 exd4 6. e5 b5 7. Bb3 Bb7 8. O-O Na5 9. Bg5 Be7 10. Bxe7 Nxe7 11. Re1 Nxb3 12. axb3 c5 13. b4 Bxf3 14. Qxf3 cxb4 15. Qb3 Qc7 16. Nd2 Qc5 17. h4 Nc6 18. h5 Kd8 19. Qg3 Qe7 20. Nf3 Re8 21. Rad1 Rc8 22. Nxd4 Nxd4 23. Rxd4 Rc6 24. e6 d6 25. Rxb4 Qf6 26. Qe3 Re7 27. c3 Rec7 28. Rd4 Ke7 29. Rd5 Rc5 30. Rd4 Re5 31. Qd2 Rxe1+ 32. Qxe1 Qxe6 33. Qd2 h6 34. Rd3 Rc5 35. Rg3 Kf7 36. Qd4 Qe1+ 37. Kh2 Qe5 38. Qh4 f4 39. Rh3 a5 40. Qd8 f3+ 41. g3 a4 42. Qa8 Rd5 43. Qb7+ Kf6 44. Rh4 Rd2 45. Qxf3+ Ke7 46. Rf4 Qc5 47. Kg2 Qd5 48. Re4+ Kd7 49. Rb4 Qxf3+ 50. Kxf3 Kc6 51. g4 Kc5 52. Kg3 d5 53. f3 d4 54. Kf4 dxc3 55. bxc3 Rd3 56. Re4 Rxc3 57. Re7 a3 58. Rxg7 a2 59. Rc7+ Kb4 60. Ra7 Ra3 0-1


[Site "https://www.chess.com"]

[Event "Titled Tuesday Blitz July 4 Late 2023"]
[White "Toolin, Christopher"]
[Black "Papasimakopoulos, Alexandros"]
[WhiteFideId "2024543"]
[BlackFideId "4244125"]
[WhiteElo "2411"]
[BlackElo "2690"]
[Result "1/2-1/2"]
[Round "5"]
[TimeControl "180+2"]
[Date "2023.07.04"]
[WhiteClock "0:00:09"]
[BlackClock "0:00:24"]
[Board "47"]

1. d4 e6 2. c4 Nf6 3. Nf3 Bb4+ 4. Nbd2 b6 5. Qc2 Bb7 6. a3 Bxd2+ 7. Bxd2 d6 8. g3 Be4 9. Qb3 O-O 10. Bg2 c5 11. dxc5 bxc5 12. O-O Nc6 13. Bc3 Rb8 14. Qa4 Rb6 15. Rfd1 d5 16. cxd5 exd5 17. Ng5 Bxg2 18. Kxg2 d4 19. Nf3 Qe7 20. Bd2 Qxe2 21. Re1 Qb5 22. Qc2 c4 23. Bg5 d3 24. Qc1 Qxb2 25. Qxc4 Rd8 26. Reb1 Qc2 27. Qxc2 dxc2 28. Rxb6 axb6 29. Rc1 h6 30. Bxf6 gxf6 31. Rxc2 Ne5 32. Nh4 Ra8 33. Rc3 b5 34. Nf5 h5 35. Rb3 Kh7 36. Nd6 Rd8 37. Nxb5 Rd2 38. a4 Ng4 39. Rf3 Ra2 40. Nc3 Rc2 41. h3 Nxf2 42. Rxf2 Rxc3 43. Ra2 Rc6 44. a5 Ra6 45. Kf3 Kg6 46. Ke4 Kg5 47. Kd4 f5 48. Kc4 f4 49. gxf4+ Kxf4 50. Kb5 Ra8 51. Rf2+ Kg3 52. Rxf7 Kxh3 53. Kb6 h4 54. a6 Kg2 55. Kb7 Rxa6 56. Kxa6 h3 57. Rg7+ Kf2 58. Rf7+ Kg2 59. Rg7+ Kh1 60. Kb5 h2 61. Rh7 Kg2 62. Rg7+ Kh1 63. Rh7 Kg2 64. Rg7+ Kh1 1/2-1/2


[Site "https://www.chess.com"]

[Event "Titled Tuesday Blitz July 4 Late 2023"]
[White "Cluke86"]
[Black "Kavyev, Ruslan"]
[BlackFideId "34110981"]
[WhiteElo "2329"]
[BlackElo "2679"]
[Result "1/2-1/2"]
[Round "5"]
[TimeControl "180+2"]
[Date "2023.07.04"]
[WhiteClock "0:02:11"]
[BlackClock "0:02:02"]
[Board "48"]

1. e4 e5 2. Nf3 Nc6 3. Bc4 Nf6 4. O-O Nxe4 5. Nc3 Nxc3 6. dxc3 Be7 7. Qd5 O-O 8. Nxe5 Bf6 9. Nxf7 Qe7 10. Nh6+ Kh8 11. Nf7+ Kg8 12. Nh6+ Kh8 13. Nf7+ Kg8 1/2-1/2


[Site "https://www.chess.com"]

[Event "Titled Tuesday Blitz July 4 Late 2023"]
[White "Taranenko, Evgueniy"]
[Black "Sargsyan, Shant"]
[WhiteFideId "14122138"]
[BlackFideId "13306766"]
[WhiteElo "2384"]
[BlackElo "2992"]
[Result "0-1"]
[Round "5"]
[TimeControl "180+2"]
[Date "2023.07.04"]
[WhiteClock "0:00:21"]
[BlackClock "0:01:32"]
[Board "49"]

1. e4 g6 2. d4 Nf6 3. Nc3 d5 4. e5 Ne4 5. Nce2 f6 6. f3 Ng5 7. h4 Ne6 8. f4 c5 9. c3 Nc6 10. Nf3 Bh6 11. f5 Bxc1 12. Qxc1 gxf5 13. exf6 exf6 14. Qh6 cxd4 15. Nexd4 Nexd4 16. Nxd4 Qe7+ 17. Kf2 Ne5 18. Bb5+ Bd7 19. Qh5+ Kd8 20. Be2 Kc7 21. Rhe1 Rhg8 22. Rad1 Rae8 23. Nxf5 Bxf5 24. Qxf5 Qc5+ 25. Kf1 Re7 26. Qf2 Qxf2+ 27. Kxf2 Kc6 28. Bf3 Rd7 29. Rd4 Rgd8 30. Red1 b5 31. b3 Kc5 32. b4+ Kc6 33. a4 bxa4 34. Ra1 Nxf3 35. Kxf3 Kb5 36. Kf4 Rc8 37. Rad1 Rxc3 38. Rxd5+ Rxd5 39. Rxd5+ Kxb4 40. Rd7 Rc4+ 41. Kf5 Rc5+ 42. Kxf6 a3 43. Rxa7 Ra5 44. Re7 a2 45. Re1 a1=Q+ 46. Rxa1 Rxa1 47. g4 Kc5 48. g5 Kd5 49. h5 Ra6+ 50. Kf7 Ke5 51. g6 hxg6 52. hxg6 Ra7+ 53. Kf8 Kf6 54. g7 Ra8# 0-1


[Site "https://www.chess.com"]

[Event "Titled Tuesday Blitz July 4 Late 2023"]
[White "Jovic, Stanoje"]
[Black "Goltsev, Dmitry"]
[WhiteFideId "905020"]
[BlackFideId "24176710"]
[WhiteElo "2566"]
[BlackElo "2826"]
[Result "1/2-1/2"]
[Round "5"]
[TimeControl "180+2"]
[Date "2023.07.04"]
[WhiteClock "0:00:04"]
[BlackClock "0:00:12"]
[Board "51"]

1. c4 Nf6 2. g3 c6 3. Bg2 e6 4. Nf3 d5 5. cxd5 exd5 6. O-O Bd6 7. d4 O-O 8. Ne5 h6 9. f4 Bf5 10. Nc3 Nbd7 11. Qb3 Qb6 12. e3 Rfe8 13. Bd2 Nf8 14. h3 N6d7 15. Kh2 f6 16. e4 fxe5 17. fxe5 Qxb3 18. axb3 Bxe4 19. Nxe4 Bxe5 20. dxe5 dxe4 21. Bxe4 Rxe5 22. Bf3 a6 23. Bc3 Re3 24. Bg4 Ne5 25. Bf5 Re8 26. Rad1 Nf7 27. h4 R3e7 28. Bb4 Re2+ 29. Kh3 Rxb2 30. Bxf8 Rxf8 31. Rd7 Re2 32. Rxb7 Nd6 33. Bg4 Nxb7 34. Rxf8+ Kxf8 35. Bxe2 a5 36. Kg4 Nc5 37. Bd1 g6 38. h5 Kf7 39. hxg6+ Kxg6 40. Bc2+ Kf6 41. Kh5 Kg7 42. g4 Ne6 43. Kh4 Nd4 44. Bd1 Kf6 45. Kh5 Kg7 46. g5 hxg5 47. Kxg5 Kf7 48. Kf4 Ke6 49. Ke4 Nb5 50. Kd3 Kd5 51. Kc2 Kc5 52. Bh5 Kb4 53. Kb2 Nd4 54. Bf7 Nf3 55. Bg8 Ne5 56. Be6 c5 57. Bg8 Nf3 58. Bf7 Nd4 59. Bg8 Kb5 60. Bf7 Kc6 61. Bg8 Nf3 62. Kc3 Ne5 63. Kb2 Kb5 64. Kc3 Ng4 65. Kb2 Nf6 66. Bf7 Ne4 67. Bg8 Kb4 68. Bf7 Nd6 69. Bg8 Nc8 70. Be6 Ne7 71. Bf7 Nc6 72. Be6 Ne7 73. Bf7 a4 74. bxa4 Kxa4 75. Kc3 Kb5 76. Be6 Kc6 77. Bc4 Kd6 78. Be2 Nd5+ 79. Kd2 Ke5 80. Bd3 Kd4 81. Be2 Ne3 82. Ba6 Nd5 83. Bb5 Nb4 84. Kc1 Kc3 85. Kb1 Nc2 86. Kc1 Nd4 87. Ba6 Nb3+ 88. Kb1 Na5 89. Kc1 Nc6 90. Kb1 Nb4 91. Bb5 Kb3 92. Kc1 Na2+ 93. Kd2 Nc3 94. Ba6 Kb4 95. Kd3 Nd5 96. Kc2 Nc7 97. Bd3 Ne6 98. Kd2 Nd4 99. Ke3 Nb5 100. Bf1 Nc7 101. Kd2 Nd5 102. Kc1 Nf6 103. Be2 Ne4 104. Bd3 Nc3 105. Bf1 Nd5 106. Be2 Kc3 107. Bf1 Ne3 108. Be2 Ng2 109. Ba6 Nf4 110. Bb5 Nd3+ 111. Kd1 Ne5 112. Kc1 Nf3 113. Ba6 Nd4 114. Kd1 Kb4 115. Kd2 Nb5 116. Kd3 c4+ 117. Kc2 Na3+ 118. Kc1 c3 119. Bd3 Kb3 120. Bh7 Nb5 121. Bg8+ Kb4 122. Bh7 Nd4 123. Bg8 Ne2+ 124. Kc2 Nf4 125. Bf7 Nh3 126. Kc1 Ng5 127. Bg8 Kc5 128. Kc2 Kd4 129. Ba2 Nf3 130. Bg8 Ne1+ 131. Kd1 Ke3 132. Kc1 Nd3+ 133. Kc2 Kd4 134. Bh7 Nf4 135. Bg8 Ng6 136. Bh7 Ne7 137. Kc1 Nd5 138. Bg8 Nb4 139. Bf7 Kd3 140. Bg6+ Kc4 141. Bf7+ Kd4 142. Bg8 Nd3+ 143. Kc2 Ne5 144. Kc1 Ng4 145. Kc2 Nf6 146. Bb3 Ne4 147. Bg8 Nd6 148. Kc1 Kd3 149. Bh7+ Kc4 150. Bg8+ Kb4 151. Kc2 Nc4 152. Kc1 Ne3 153. Bf7 Nf5 154. Bg8 Nd6 155. Kc2 Ne8 156. Bf7 Nf6 157. Kc1 Kc5 158. Kc2 Kd4 159. Kc1 Ne4 160. Bg8 Ng5 161. Kc2 Nf3 162. Kc1 Ne5 163. Kc2 Ng4 164. Kc1 Nf6 165. Bf7 Kd3 166. Bg6+ Kc4 167. Bf7+ Kb4 168. Kc2 Ng4 1/2-1/2


[Site "https://www.chess.com"]

[Event "Titled Tuesday Blitz July 4 Late 2023"]
[White "ATM622"]
[Black "Leitao, Rafael"]
[BlackFideId "2101246"]
[WhiteElo "2564"]
[BlackElo "2783"]
[Result "0-1"]
[Round "5"]
[TimeControl "180+2"]
[Date "2023.07.04"]
[WhiteClock "0:00:00"]
[BlackClock "0:00:15"]
[Board "52"]

1. d4 Nf6 2. c4 g6 3. g3 Bg7 4. Bg2 O-O 5. Nf3 d6 6. O-O Nc6 7. Nc3 e5 8. d5 Nb8 9. e4 a5 10. Re1 Na6 11. Be3 Ng4 12. Bc1 Nc5 13. h3 Nf6 14. Rb1 Bd7 15. g4 Kh8 16. Ng5 h6 17. Nf3 Ng8 18. Be3 b6 19. Qd2 f5 20. Bxc5 bxc5 21. exf5 gxf5 22. g5 Qe8 23. h4 Qh5 24. Ne2 e4 25. Nf4 Qf7 26. Nh2 Be5 27. Rbd1 Ne7 28. Kh1 Rg8 29. gxh6 Qf6 30. Nh3 Qxh4 31. f4 Bd4 32. Qe2 Rg3 33. Qf1 Rag8 34. Re2 Ng6 35. Rdd2 Rxh3 36. Bxh3 Nxf4 37. Rg2 Nxg2 38. Rxg2 Be5 39. Rxg8+ Kxg8 40. Qg2+ Kh7 41. Nf1 f4 42. Qxe4+ Kxh6 43. Kg1 Qxh3 0-1


[Site "https://www.chess.com"]

[Event "Titled Tuesday Blitz July 4 Late 2023"]
[White "Mahdavi, Reza"]
[Black "Ozates, Tuna"]
[WhiteFideId "12595926"]
[BlackFideId "6354521"]
[WhiteElo "2744"]
[BlackElo "2564"]
[Result "1-0"]
[Round "5"]
[TimeControl "180+2"]
[Date "2023.07.04"]
[WhiteClock "0:01:28"]
[BlackClock "0:00:13"]
[Board "53"]

1. e4 c5 2. Nf3 Nc6 3. d4 cxd4 4. Nxd4 Nf6 5. Nc3 e5 6. Ndb5 d6 7. Nd5 Nxd5 8. exd5 Nb8 9. c4 a6 10. Na3 Be7 11. Be2 O-O 12. O-O f5 13. f4 Bf6 14. Rb1 Nd7 15. Nc2 Nc5 16. fxe5 dxe5 17. Be3 Ne4 18. c5 Bd7 19. Bd3 Rc8 20. Bxe4 fxe4 21. b4 Bb5 22. Rf2 Bd3 23. d6 Qd7 24. Rb3 Bh4 25. Rxf8+ Rxf8 26. Rxd3 exd3 27. Qxd3 h6 28. Qc4+ Qf7 29. Qxf7+ Rxf7 30. a4 Kf8 31. b5 axb5 32. axb5 Ke8 33. c6 bxc6 34. bxc6 Bd8 35. Bc5 Rf4 36. Ne3 Ba5 37. Nd5 Rf7 38. Bb6 Bxb6+ 39. Nxb6 Kd8 40. c7+ Rxc7 41. dxc7+ Kxc7 42. Nc4 e4 43. Kf2 Kc6 44. Ke3 Kd5 45. Nd2 Ke5 46. Nxe4 g5 47. Kf3 Kf5 48. g4+ Kg6 49. Ng3 Kf6 50. Nh5+ Kg6 51. Ke4 Kh7 52. Kf5 Kg8 53. Kg6 Kh8 54. Kxh6 Kg8 55. Kxg5 Kh7 56. h4 Kh8 57. Kh6 Kg8 58. g5 Kh8 59. g6 Kg8 60. g7 Kf7 61. Kh7 Ke6 62. g8=Q+ Kf5 63. Qg5+ 1-0


[Site "https://www.chess.com"]

[Event "Titled Tuesday Blitz July 4 Late 2023"]
[White "The_Sherman_Variation"]
[Black "Weetik, Vjacheslav"]
[BlackFideId "4153472"]
[WhiteElo "2559"]
[BlackElo "2731"]
[Result "1-0"]
[Round "5"]
[TimeControl "180+2"]
[Date "2023.07.04"]
[WhiteClock "0:00:34"]
[BlackClock "0:00:00"]
[Board "54"]

1. Nf3 Nf6 2. c4 g6 3. Nc3 Bg7 4. g3 O-O 5. Bg2 c6 6. O-O d5 7. cxd5 cxd5 8. d4 Ne4 9. Bf4 Nc6 10. Ne5 Nxc3 11. bxc3 Nxe5 12. dxe5 Be6 13. Rb1 Rb8 14. Qd4 Qa5 15. Rfd1 Rfd8 16. h4 b6 17. h5 Rbc8 18. h6 Bf8 19. c4 Qxa2 20. cxd5 Qxe2 21. Qa4 Bf5 22. Ra1 g5 23. Bxg5 Qxe5 24. Bf4 Qf6 25. Qxa7 Bxh6 26. Bxh6 Qxh6 27. Qxe7 Qd6 28. Qg5+ Bg6 29. Rac1 Kg7 30. f4 h6 31. Qe5+ Qf6 32. Rxc8 Rxc8 33. d6 Rd8 34. d7 Qxe5 35. fxe5 Bf5 36. Bc6 f6 37. Rf1 Kg6 38. exf6 Rf8 39. Re1 Kxf6 40. Re8 1-0


[Site "https://www.chess.com"]

[Event "Titled Tuesday Blitz July 4 Late 2023"]
[White "Sreyas Payyappat"]
[Black "Goryachkina, Aleksandra"]
[WhiteFideId "46674969"]
[BlackFideId "4147103"]
[WhiteElo "2556"]
[BlackElo "2719"]
[Result "0-1"]
[Round "5"]
[TimeControl "180+2"]
[Date "2023.07.04"]
[WhiteClock "0:00:07"]
[BlackClock "0:00:07"]
[Board "55"]

1. e4 c5 2. Nf3 e6 3. d4 cxd4 4. Nxd4 Nc6 5. Nc3 Qc7 6. Be3 a6 7. Be2 Nf6 8. O-O Bb4 9. Nxc6 bxc6 10. Na4 O-O 11. Qd4 Rb8 12. e5 Nd5 13. Bd3 Be7 14. Qe4 f5 15. exf6 Nxf6 16. Qh4 Rb4 17. Bd4 Rxa4 18. c4 Ra5 19. Bxf6 Bxf6 20. Qxh7+ Kf7 21. f4 Qb6+ 22. Kh1 Qxb2 23. Rae1 Rxa2 24. Re2 Qa3 25. f5 Rxe2 26. Bxe2 e5 27. Bh5+ Ke7 28. Rd1 c5 29. Rd5 Bb7 30. Rd1 Qb2 31. Qg6 a5 32. h3 a4 33. Kh2 a3 34. Qg3 a2 35. Bf3 Bxf3 36. Qxf3 a1=Q 37. Rxd7+ Kxd7 38. Qd5+ Kc7 39. Qxc5+ Kb7 40. Qd5+ Ka7 41. Qc5+ Qb6 42. Qxf8 Qag1+ 43. Kg3 Qbe3+ 44. Kg4 Qxg2+ 45. Kh5 Qgg5# 0-1


[Site "https://www.chess.com"]

[Event "Titled Tuesday Blitz July 4 Late 2023"]
[White "Kushko, Dmitriy"]
[Black "Tikhonov, Viacheslav"]
[WhiteFideId "14162261"]
[BlackFideId "44196407"]
[WhiteElo "2708"]
[BlackElo "2552"]
[Result "1-0"]
[Round "5"]
[TimeControl "180+2"]
[Date "2023.07.04"]
[WhiteClock "0:00:03"]
[BlackClock "0:00:11"]
[Board "56"]

1. Nf3 Nf6 2. g3 g6 3. Bg2 Bg7 4. d4 O-O 5. O-O d5 6. c4 c6 7. Qb3 a5 8. Rd1 a4 9. Qb4 Qa5 10. Qxa5 Rxa5 11. Na3 Ne4 12. Bf4 Be6 13. Rac1 Nd7 14. Ne1 Nd6 15. cxd5 Bxd5 16. Bxd5 Rxd5 17. Nf3 h6 18. h4 f6 19. Kg2 g5 20. Bxd6 exd6 21. e4 Ra5 22. Nc4 Rb5 23. Rc2 g4 24. Nh2 d5 25. Nd6 Rb4 26. exd5 cxd5 27. Nf5 Re8 28. Nxg4 Re4 29. Ngxh6+ Kh7 30. Nxg7 Kxh6 31. Nf5+ Kg6 32. Ne3 Rexd4 33. Rxd4 Rxd4 34. Rc7 Ne5 35. Rxb7 Rd2 36. g4 Nd3 37. h5+ Kg5 38. Kg3 f5 39. Nxf5 Nxf2 40. Rf7 Ne4+ 41. Kf3 Rf2+ 42. Ke3 Rxb2 43. Rg7+ Kf6 44. Rg6+ Ke5 45. Nd4 Rh2 46. Nf3# 1-0


[Site "https://www.chess.com"]

[Event "Titled Tuesday Blitz July 4 Late 2023"]
[White "Kochiev, Ivan"]
[Black "Lizak, Peter"]
[WhiteFideId "2917890"]
[BlackFideId "731595"]
[WhiteElo "2550"]
[BlackElo "2675"]
[Result "1-0"]
[Round "5"]
[TimeControl "180+2"]
[Date "2023.07.04"]
[WhiteClock "0:00:05"]
[BlackClock "0:00:05"]
[Board "57"]

1. e4 c6 2. d4 d5 3. Nc3 dxe4 4. Nxe4 Nf6 5. Nxf6+ exf6 6. c3 Bd6 7. Bd3 O-O 8. Ne2 Re8 9. O-O Nd7 10. Ng3 Nf8 11. f4 c5 12. d5 Bd7 13. c4 a6 14. f5 Bxg3 15. hxg3 b5 16. b3 bxc4 17. bxc4 Qa5 18. Bd2 Qa3 19. Qb3 Qa4 20. Rfb1 h5 21. Kf2 Re5 22. Bf4 Qa5 23. Bxe5 Qd2+ 24. Be2 fxe5 25. Qd3 Qg5 26. Rh1 Bxf5 27. Qe3 Qf6 28. Bxh5 e4 29. Rae1 Rb8 30. Qf4 Qd4+ 31. Kf1 g6 32. Qxb8 gxh5 33. Rxh5 Bg6 34. Rh4 Qxc4+ 35. Kg1 Qxd5 36. Qf4 Qd4+ 37. Kh1 Ne6 38. Qe3 Qxe3 39. Rxe3 c4 40. Rhxe4 Bxe4 41. Rxe4 c3 42. Rc4 Kg7 43. Rxc3 Kf6 44. Rc6 a5 45. Ra6 Ke5 46. Rxa5+ Ke4 47. Kg1 Nd4 48. Ra4 1-0


[Site "https://www.chess.com"]

[Event "Titled Tuesday Blitz July 4 Late 2023"]
[White "Golubev, Mikhail"]
[Black "Fantastic_Power"]
[WhiteFideId "14100983"]
[WhiteElo "2544"]
[BlackElo "2670"]
[Result "1-0"]
[Round "5"]
[TimeControl "180+2"]
[Date "2023.07.04"]
[WhiteClock "0:00:05"]
[BlackClock "0:00:03"]
[Board "58"]

1. e4 c5 2. Nf3 e6 3. d4 cxd4 4. Nxd4 Nf6 5. Nc3 Nc6 6. Bf4 Bb4 7. Nb5 O-O 8. Bd6 Bxd6 9. Qxd6 Ne8 10. Qd2 a6 11. Nd6 b5 12. O-O-O Qb6 13. f3 Ne5 14. Nxc8 Rxc8 15. f4 Nc4 16. Bxc4 Rxc4 17. Qxd7 b4 18. Na4 Qe3+ 19. Qd2 Qxe4 20. Nb6 Nd6 21. Nxc4 Nxc4 22. Qd4 Qc6 23. Rhe1 h6 24. Re2 Rc8 25. Kb1 a5 26. c3 Qb5 27. cxb4 Qxb4 28. Ka1 Qb5 29. Rc2 Qb4 30. Rdc1 e5 31. fxe5 a4 32. Rxc4 Rxc4 33. Qxc4 Qd2 34. Qc8+ Kh7 35. Qc2+ Qxc2 36. Rxc2 1-0


[Site "https://www.chess.com"]

[Event "Titled Tuesday Blitz July 4 Late 2023"]
[White "Katz, Alexander"]
[Black "Prem, Pranav"]
[WhiteFideId "2039796"]
[BlackFideId "30901057"]
[WhiteElo "2660"]
[BlackElo "2538"]
[Result "1-0"]
[Round "5"]
[TimeControl "180+2"]
[Date "2023.07.04"]
[WhiteClock "0:00:08"]
[BlackClock "0:00:02"]
[Board "59"]

1. e4 c5 2. Nf3 d6 3. d4 cxd4 4. Nxd4 Nf6 5. Nc3 a6 6. Be3 e5 7. Nb3 Be6 8. f3 h5 9. Qd2 Be7 10. Nd5 Bxd5 11. exd5 Nbd7 12. c4 g6 13. Be2 O-O 14. O-O-O b5 15. Kb1 bxc4 16. Bxc4 a5 17. a4 Nb6 18. Bb5 Nbxd5 19. Bh6 Nb4 20. Rhe1 Qb6 21. Bxf8 Bxf8 22. Qg5 Bg7 23. Nd2 Nc6 24. Nc4 Qc5 25. Rxd6 Qb4 26. Rc1 Nd4 27. Rxf6 Bxf6 28. Qxf6 Nxb5 29. axb5 Qxb5 30. Nxe5 Qd5 31. Qc6 Qd8 32. Qc4 Qf6 33. Qd5 Rd8 34. Qxa5 Qf5+ 35. Ka1 Re8 36. Nc6 Qd7 37. Qa7 Qd3 38. Qa3 Qd7 39. Nb4 Qb5 40. Na6 Ra8 41. Kb1 Qxa6 42. Qxa6 Rxa6 43. Rc4 Rb6 44. Kc2 Re6 45. b4 Re2+ 46. Kb3 Re1 47. Rc2 Kg7 48. b5 Re5 49. Kb4 Re1 50. Rb2 Re7 51. b6 Kf6 52. Kc5 Rb7 53. Kc6 Rb8 54. Kc7 1-0


[Site "https://www.chess.com"]

[Event "Titled Tuesday Blitz July 4 Late 2023"]
[White "Rostomyan, Mikayel"]
[Black "ElDivis"]
[WhiteFideId "13313754"]
[WhiteElo "2633"]
[BlackElo "2532"]
[Result "1/2-1/2"]
[Round "5"]
[TimeControl "180+2"]
[Date "2023.07.04"]
[WhiteClock "0:00:08"]
[BlackClock "0:00:09"]
[Board "60"]

1. d4 Nf6 2. Nf3 g6 3. c4 Bg7 4. g3 c5 5. Bg2 Qa5+ 6. Bd2 Qb6 7. dxc5 Qxc5 8. Qc2 d5 9. O-O dxc4 10. Rc1 Nc6 11. Qxc4 Qxc4 12. Rxc4 Be6 13. Rc1 Ne4 14. Bc3 Nxc3 15. Nxc3 O-O 16. Na4 Rad8 17. e3 Bd5 18. Rc5 b6 19. Rxd5 Rxd5 20. Nd4 Rxd4 21. exd4 Nxd4 22. Rd1 Rd8 23. Kf1 e6 24. Nc3 Bf6 25. Ne4 Be7 26. Rc1 f5 27. Rc7 Kf8 28. Nc3 a5 29. h4 Ke8 30. Bc6+ Nxc6 31. Rxc6 Rd6 32. Rc7 Rd7 33. Rc8+ Rd8 34. Rc6 Rd6 35. Rc4 Bf6 36. Nb5 Rd2 37. Rc6 Kf7 38. Rxb6 Rxb2 39. a4 Rb4 40. Rb7+ Kg8 41. Ra7 Rxa4 42. Nc7 Ra1+ 43. Kg2 a4 44. Nxe6 a3 45. Nf4 a2 46. Nd5 Bd4 47. Nf4 Kf8 48. Ne6+ Ke8 49. Nxd4 Rd1 50. Nb3 Rb1 51. Ra8+ Kf7 52. Ra7+ Kg8 53. Ra8+ Kg7 54. Ra7+ Kg8 55. Ra8+ Kf7 56. Rxa2 Rxb3 57. Ra7+ Kg8 58. Rc7 Rd3 59. Re7 Rd8 60. Kf3 Rf8 61. Kf4 Rf7 62. Rxf7 Kxf7 63. Ke5 Ke7 64. f3 Kf7 65. Kd6 Kf6 66. g4 fxg4 67. fxg4 h6 68. Kd5 h5 69. g5+ Kf5 70. Kd6 Kg4 71. Ke6 Kxh4 72. Kf6 Kg3 73. Kxg6 h4 74. Kf6 h3 75. g6 h2 76. g7 h1=Q 77. g8=Q+ Kf2 78. Qa2+ Kg1 79. Kg5 Qg2+ 80. Qxg2+ Kxg2 1/2-1/2


[Site "https://www.chess.com"]

[Event "Titled Tuesday Blitz July 4 Late 2023"]
[White "Di Berardino, Diego Rafael"]
[Black "Belov, Alexei"]
[WhiteFideId "2105446"]
[BlackFideId "4128206"]
[WhiteElo "2624"]
[BlackElo "2524"]
[Result "0-1"]
[Round "5"]
[TimeControl "180+2"]
[Date "2023.07.04"]
[WhiteClock "0:00:00"]
[BlackClock "0:01:02"]
[Board "61"]

1. d4 e6 2. c4 d5 3. Nc3 Be7 4. Nf3 Nf6 5. Bg5 Nbd7 6. e3 O-O 7. Bd3 dxc4 8. Bxc4 a6 9. O-O b5 10. Bd3 Bb7 11. Rc1 Rc8 12. Qe2 c5 13. Rfd1 cxd4 14. exd4 b4 15. Na4 Qa5 16. Bxf6 Nxf6 17. b3 Nd5 18. Qe4 g6 19. Ne5 Rc7 20. Qg4 Nf6 21. Qf4 Rxc1 22. Rxc1 Rd8 23. Nc5 Qb6 24. h4 Ba8 25. h5 Qd6 26. hxg6 hxg6 27. Qg3 Nh5 28. Qg4 Qxd4 29. Qxd4 Rxd4 0-1


[Site "https://www.chess.com"]

[Event "Titled Tuesday Blitz July 4 Late 2023"]
[White "Karttunen, Mika"]
[Black "Zeltsan, Joseph"]
[WhiteFideId "502081"]
[BlackFideId "30932980"]
[WhiteElo "2618"]
[BlackElo "2510"]
[Result "1/2-1/2"]
[Round "5"]
[TimeControl "180+2"]
[Date "2023.07.04"]
[WhiteClock "0:00:15"]
[BlackClock "0:00:18"]
[Board "62"]

1. e4 c5 2. Nf3 d6 3. d4 cxd4 4. Nxd4 Nf6 5. Nc3 a6 6. f3 e5 7. Nb3 Be6 8. Be3 Be7 9. Qd2 Nbd7 10. O-O-O O-O 11. g4 b5 12. g5 b4 13. Ne2 Ne8 14. f4 a5 15. f5 a4 16. fxe6 axb3 17. Kb1 fxe6 18. cxb3 Rxa2 19. Nc1 Ra5 20. Bh3 Nc7 21. Rhf1 Qa8 22. Rxf8+ Bxf8 23. Bg2 Ra1+ 24. Kc2 Qc6+ 25. Kd3 Qb5+ 26. Kc2 Qc6+ 27. Kd3 Nc5+ 28. Bxc5 Qxc5 29. Ke2 Nb5 30. Nd3 Nd4+ 31. Kf1 Nxb3 32. Nxc5 Nxd2+ 33. Ke2 Rxd1 34. Kxd1 Nc4 35. Bh3 Nxb2+ 36. Kc2 dxc5 37. Bxe6+ Kh8 38. Kxb2 g6 39. Kb3 Be7 40. Kc4 Kg7 41. Kb5 Bxg5 42. Kxc5 Be7+ 43. Kc4 Kf6 44. Bg8 h5 45. Kd3 Kg5 46. Ke3 Bc5+ 47. Kf3 Kf6 48. Bd5 Bf8 49. h3 g5 50. Bb3 Ke7 51. Bc4 Kd6 52. Bf7 Kc5 53. Ke2 Kd4 54. Kf3 Kc3 55. Bxh5 b3 56. Bf7 b2 57. Ba2 Kd4 58. Kg4 Be7 59. Kf5 Bd8 60. Bb1 Kc3 61. Kxe5 Kd2 62. Kf5 Kc1 63. Ba2 b1=Q 64. Bxb1 Kxb1 65. Ke6 Kc2 66. Kd7 Bf6 67. Ke6 Bd8 68. Kd7 Kd3 69. e5 Ke4 70. e6 Bf6 71. e7 Bxe7 72. Kxe7 Kf5 73. Kf7 Kf4 74. Kg6 Kg3 75. Kxg5 Kxh3 1/2-1/2


[Site "https://www.chess.com"]

[Event "Titled Tuesday Blitz July 4 Late 2023"]
[White "Luong Phuong Hanh"]
[Black "Sun, Rick"]
[WhiteFideId "12401013"]
[BlackFideId "30909481"]
[WhiteElo "2471"]
[BlackElo "2610"]
[Result "1-0"]
[Round "5"]
[TimeControl "180+2"]
[Date "2023.07.04"]
[WhiteClock "0:00:16"]
[BlackClock "0:00:09"]
[Board "63"]

1. d4 d6 2. Nf3 Nf6 3. g3 g6 4. Bg2 Bg7 5. O-O O-O 6. a4 Nbd7 7. Nc3 c5 8. e4 a6 9. Re1 cxd4 10. Nxd4 Rb8 11. h3 Nc5 12. Be3 Bd7 13. Qe2 Qa5 14. Kh2 Rfc8 15. f4 Ne6 16. Nb3 Qh5 17. Bf3 Qh6 18. f5 g5 19. fxe6 Bxe6 20. h4 Qg6 21. Bxg5 h6 22. Bxf6 Bxf6 23. Bh5 Qg7 24. Rg1 Be5 25. Raf1 Rc4 26. Nd5 Bxd5 27. Nd2 Rd4 28. c3 Rxd2 29. Qxd2 Bxe4 30. Rxf7 Qxf7 31. Bxf7+ Kxf7 32. Qxh6 Bf6 33. Qf4 Rh8 34. Qxe4 d5 35. Qxd5+ Kg7 36. Rf1 Rh6 37. Qxb7 Rh5 38. Rxf6 Kxf6 39. Qf3+ Kg7 40. Qxh5 e5 41. Qxe5+ Kg6 42. h5+ Kh6 43. g4 a5 44. Kh3 Kh7 45. Kh4 Kg8 46. Qe7 Kh8 47. h6 Kg8 48. Qg7# 1-0


[Site "https://www.chess.com"]

[Event "Titled Tuesday Blitz July 4 Late 2023"]
[White "Ardila, Oscar Humberto"]
[Black "Czerw, Dawid"]
[WhiteFideId "4404742"]
[BlackFideId "1145746"]
[WhiteElo "2328"]
[BlackElo "2580"]
[Result "1-0"]
[Round "5"]
[TimeControl "180+2"]
[Date "2023.07.04"]
[WhiteClock "0:01:36"]
[BlackClock "0:00:10"]
[Board "64"]

1. d4 d5 2. c4 c6 3. e3 Nf6 4. Nf3 a6 5. Be2 b5 6. cxd5 cxd5 7. O-O Bf5 8. a4 b4 9. Nbd2 e6 10. Nb3 Nbd7 11. Bd2 Bd6 12. Rc1 Qb6 13. a5 Qb8 14. Nc5 Nxc5 15. dxc5 Bc7 16. Qa4+ Ke7 17. Bxb4 Rd8 18. Nd4 Bxh2+ 19. Kh1 Rc8 20. Nc6+ Rxc6 21. Qxc6 Qxb4 22. Kxh2 Rd8 23. Qxa6 Qh4+ 24. Kg1 d4 25. c6 e5 26. c7 Rc8 27. exd4 exd4 28. Rfe1 Kf8 29. Qd6+ Kg8 30. Qd8+ Ne8 31. Qxh4 1-0


[Site "https://www.chess.com"]

[Event "Titled Tuesday Blitz July 4 Late 2023"]
[White "Galperin, Platon"]
[Black "Mindhunter08"]
[WhiteFideId "14165414"]
[WhiteElo "2958"]
[BlackElo "2393"]
[Result "0-1"]
[Round "5"]
[TimeControl "180+2"]
[Date "2023.07.04"]
[WhiteClock "0:00:54"]
[BlackClock "0:00:07"]
[Board "65"]

1. d4 d5 2. c4 c6 3. Nf3 Nf6 4. g3 Bf5 5. Nc3 e6 6. Qb3 Qb6 7. c5 Qxb3 8. axb3 Na6 9. Ne5 Nb4 10. Ra4 a5 11. f3 Bc2 12. Ra3 Bf5 13. Kd2 Be7 14. Na2 O-O 15. g4 Bg6 16. h4 h5 17. g5 Nh7 18. Nxg6 fxg6 19. Nxb4 axb4 20. Rxa8 Rxa8 21. f4 Ra1 22. Kc2 Bd8 23. Bh3 Kf7 24. Re1 Bc7 25. e3 Nf8 26. Re2 b6 27. e4 bxc5 28. dxc5 Ra5 29. Be3 Bb8 30. Bd4 Ba7 31. f5 Bxc5 32. fxe6+ Nxe6 33. Bxe6+ Kxe6 34. exd5+ Kxd5 35. Bxg7 Bd6 36. Kd3 Ra1 37. Rd2 Rh1 38. Ke2+ Ke6 39. Rd4 Rh2+ 40. Kd3 c5 41. Re4+ Kd5 42. Re8 Rxh4 43. Bf6 Rh3+ 44. Kc2 Rh2+ 45. Kb1 Rg2 46. Rg8 h4 47. Rxg6 h3 48. Rh6 h2 49. Ka2 Rg1 50. Be7 h1=Q 51. Rxh1 Rxh1 52. Bf6 Rg1 53. Bd8 Rg2 54. g6 Be5 55. Bh4 Rxg6 56. Be1 Rg2 57. Ka1 Bxb2+ 58. Kb1 Be5 59. Kc1 Rg1 60. Kd2 Bc3+ 61. Kd3 Rxe1 0-1


[Site "https://www.chess.com"]